 Dungeon Crawl Stone Soup version 0.28.0-47-ge53b351184 (webtiles) character file.

Game seed: 8563599646027141099

27 pkoi the Charlatan (level 2, -1/22 HPs)
             Began as a Demigod Artificer on May 4, 2022.
             Slain by a shadow imp (5 damage)
             ... summoned by Natasha
             ... on level 2 of the Dungeon.
             The game lasted 00:01:55 (1720 turns).

pkoi the Charlatan (Demigod Artificer)              Turns: 1720, Time: 00:01:56

Health: -1/22      AC:  6    Str: 13    XL:     2   Next: 72%
Magic:  4/4        EV:  9    Int: 13    God:
Gold:   62         SH:  0    Dex: 14    Spells: 1/1 levels left

rFire   . . .      SeeInvis .   f - +0 whip
rCold   . . .      Faith    .   (no shield)
rNeg    . . .      Spirit   .   n - +0 scale mail
rPois   .          Reflect  .   (no helmet)
rElec   .          Harm     .   (no cloak)
rCorr   .          Rampage  .   (no gloves)
Will    .....                   (no boots)
Stlth   ..........              (no amulet)
HPRegen 0.07/turn               (no ring)
MPRegen 0.09/turn               (no ring)

@: no status effects
A: high MP 1, forlorn, divine attributes
a: no special abilities


You were on level 2 of the Dungeon.
You visited 1 branch of the dungeon, and saw 2 of its levels.

You collected 62 gold pieces.

Inventory:

Hand Weapons
 a - a +0 club
 f - a +0 whip (weapon)
 g - a +0 hunting sling
Missiles
 h - 3 stones
 k - 5 poisoned darts
Armour
 b - a +0 leather armour
 n - a +0 scale mail (worn)
Wands
 c - a wand of flame (13) (quivered)
 d - a wand of charming (15)
Scrolls
 i - a scroll of silence {unknown}
 l - a scroll of enchant weapon {unknown}
 m - a scroll of identify {unknown}
Potions
 j - a potion of curing {unknown}
Miscellaneous
 e - a piece from Xom's chessboard (13/15)


   Skills:
 - Level 0.8 Fighting
 - Level 1.7 Armour
 - Level 0.8 Dodging
 - Level 0.8 Stealth
 + Level 3.8 Evocations


You had one spell level left.
You didn't know any spells.
Your spell library was empty.

Dungeon Overview and Level Annotations

Branches:
Dungeon (2/15)

Annotations:
D:2 Natasha


Innate Abilities, Weirdness & Mutations

You have an increased reservoir of magic. (+10% MP)
You shall have no god before yourself.
Your divine heritage dramatically boosts your attributes as you level up.


Message History

There is a stone staircase leading down here.
An endoplasm comes into view.
The endoplasm quivers.
The endoplasm moves out of view.
A goblin comes into view. It is wielding a +0 dagger.
There are monsters nearby!
Natasha, Servant of Life and Death comes into view.
Found a glowing bone ring.
Found a stone staircase leading down.
Natasha howls an incantation.
Natasha glows brightly for a moment.
The goblin hits you but does no damage.
You hit the goblin.
The goblin is heavily wounded.
The goblin barely misses you.
You hit the goblin.
You kill the goblin!
Natasha stares at you and mumbles some strange words.
The magic dart hits you.
* * * LOW HITPOINT WARNING * * *
You make a move on Xom's chessboard...
The endoplasm twists and deforms.
Natasha mumbles some strange words.
You make a move on Xom's chessboard...
The endoplasm is moving more slowly.
Natasha closely misses you. The shadow imp hits you.
* * * LOW HITPOINT WARNING * * *
Unknown command.
You barely miss Natasha. Natasha closely misses you.
The shadow imp barely misses you.
You hit Natasha.
Natasha is lightly wounded.
Natasha claws you but does no damage. The shadow imp gestures at you.
Pain shoots through your body!
* * * LOW HITPOINT WARNING * * *
You closely miss Natasha.
Natasha is lightly wounded.
Natasha casts a spell at you. The magic dart hits you.
* * * LOW HITPOINT WARNING * * *
The shadow imp hits you.
You die...

######....# #.......#
#......##.# #.#####.#
#......##.####.#.....#
#.....>...........####.#
######.##.........<....#
#.##..........#####
#.###.......#.#
##.#######.###.#
#....Jh@5..# #.#
#....####### #.. #....#
##. #....)...... ..
#....#......
........8....
#.....##...... #.....#
....>. #=..### .....


You could see Natasha, a shadow imp (summoned) and an endoplasm (petrifying,
misshapen).

Vanquished Creatures
  6 endoplasms
  3 giant cockroaches (D:1)
  3 goblins
  A quokka (D:1)
  4 ball pythons (D:1)
  A frilled lizard (D:1)
  2 kobolds (D:1)
  4 rats (D:1)
24 creatures vanquished.

Notes
Turn   | Place    | Note
-------+----------+-------------------------------------------
     0 | D:1      | pkoi the Demigod Artificer began the quest for the Orb.
     0 | D:1      | Reached XP level 1. HP: 15/15 MP: 3/3
    36 | D:1      | Reached skill level 3 in Evocations
   453 | D:1      | Reached XP level 2. HP: 13/22 MP: 4/4
  1708 | D:2      | Noticed Natasha
  1720 | D:2      | Slain by a shadow imp

Illustrated notes

Levels and vault maps discovered:
D:1:      dpeg_arrival_refuge, layout_basic
D:2:      layout_basic, dreamdust_ecumenical_altar_statues, basic_altar,
          st_stairs_1, roderic_nine_men_s_morris, kennysheep_generic_room_9,
          uniq_natasha

Skill      XL: |  1 |
---------------+----+-----
Evocations     | 3 |  3.8
Fighting       | |  0.8
Armour         | |  1.7
Dodging        | |  0.8
Stealth        | |  0.8

Action                   || total
-------------------------++-------
Melee: Club              ||    23
       Whip              ||    32
       Punch             ||     1
 Fire: Hunting sling     ||    17
Evoke: Wand              ||     2
       Piece from Xom's  ||     2
Armor: Leather armour    ||    18
       Scale mail        ||     2
Dodge: Dodged            ||    32
